 Dungeon Crawl Stone Soup version 0.32-a0-468-g38b2580584 (webtiles) character file.

Game seed: 8486070181133428597

205 Zonian the Ruffian (level 5, -2/46 HPs)
             Began as a Ghoul Gladiator on Feb 25, 2024.
             Was an Initiate of Beogh.
             Slain by Pikel
             ... wielding a +2 whip of electrocution
              (7 damage)
             ... on level 4 of the Dungeon.
             The game lasted 00:07:27 (3402 turns).

Zonian the Ruffian (Ghoul Gladiator)                Turns: 3402, Time: 00:07:28

Health: -2/46      AC: 10    Str: 20    XL:     5   Next: 83%
Magic:  5/5        EV: 10    Int:  7    God:    Beogh [......]
Gold:   249        SH:  0    Dex: 10    Spells: 4/4 levels left

rFire   + .          .
                       - Unarmed
rCold   + . .        (no shield)
rNeg    + + +        p - +3 scale mail
rPois   ∞            b - +0 helmet
rElec   .            (no cloak)
rCorr   .            (no gloves)
SInv    .            (no boots)
Will    .....        (no amulet) Stlth
                     o - ring of protection from fire
HPRegen 0.00/turn    (no ring)
MPRegen 0.09/turn

%: no passive effects
@: inhibited regen
A: claws 1, cold resistance 1, negative energy resistance 3, inhibited
regeneration, torment resistance 2, devour on kill
a: Renounce Religion


You were on level 4 of the Dungeon.
You worshipped Beogh.
Beogh was noncommittal.
You visited 1 branch of the dungeon, and saw 4 of its levels.

You collected 249 gold pieces.


Innate Abilities, Weirdness & Mutations

You are immune to poison.
You have sharp fingernails.
Your flesh is cold resistant. (rC+)
You are immune to negative energy. (rN+++)
You do not regenerate when monsters are visible.
You are immune to unholy pain and torment.
You thrive by killing the living.


   Skills:
 + Level 4.1 Fighting
 - Level 1.7 Throwing
 + Level 3.9 Dodging
 + Level 4.8 Unarmed Combat


You had 4 spell levels left.
You didn't know any spells.
Your spell library contained the following spells:

 Spells                   Type           Power      Damage    Failure   Level
 Dazzling Flash           Conj/Hex       0%         N/A       99%         3
 Volatile Blastmotes      Fire/Tloc      0%         2d10      99%         3
 Starburst                Conj/Fire      0%         6d3       100%        6
 Maxwell's Capacitive Co  Air            0%         ∞         100%        8

Inventory:

Hand Weapons
 m - a +2 dagger of draining {short}
   (You found it on level 2 of the Dungeon)
Missiles
 c - 3 throwing nets (quivered) {=f!fthrowing}
 d - a javelin {throwing}
Armour
 a - a +0 leather armour
 b - a +0 helmet (worn)
 p - a +3 scale mail (worn)
   (You found it on level 2 of the Dungeon)
Magical Staves
 e - the staff "Awuiv" {+Blink rElec rF+ rN++ Str-3 Fire, !astaff}
   (You found it on level 3 of the Dungeon)

   [staff of fire]

   Base accuracy: +5 Base damage: 5 Base attack delay: 1.2 This weapon's minimum
   attack delay (0.6) is reached at skill level 12.
   Str-3:     It affects your strength (-3).
   rF+:       It protects you from fire.
   rElec:     It insulates you from electricity.
   rN++:      It greatly protects you from negative energy.
   +Blink:    It lets you blink.
   Fire:      It increases the power of your Fire spells.
   It falls into the 'Staves' category.
   It is a one-clawed weapon.
Jewellery
 o - a ring of protection from fire (left claw)
   (You found it on level 2 of the Dungeon)
Wands
 f - a wand of flame (33)
   (You found it on level 4 of the Dungeon)
Scrolls
 i - a scroll of revelation
Potions
 g - a potion of cancellation {unknown}
 h - a potion of might
 j - 2 potions of lignification
 k - 2 potions of attraction {unknown}
 l - a potion of heal wounds {unknown}
 n - 2 potions of curing {unknown}

Dungeon Overview and Level Annotations

Branches:
Dungeon (4/15) Zot: 20612
 Temple: D:4-7

Altars:

Annotations:
D:3 Sigmund
D:4 Pikel

#..##..## #K.##
#.####..# ##.## #.#
#.## #..# ###
#.####.## #####
#.##...## ##...##
#.#.....###..#..##
#.......>#.####..#
##.....555.## ##.#
### ###
##......K@..# #..#
##..
#.####....).....##
#..####...
##..............#
##..##....
###............#
#........
##.....(.....#
##...##..
#..##.......##
#...####.
#.###........####
#.### #. #.#
#...........##.. #.
#.####....##..#####.
#.


You could see Pikel and 3 lemures.


Message History

The kobold hits you but does no damage.
You scratch the kobold.
You kill the kobold!
Beogh accepts your kill.
No target in view!
f - a wand of flame (37) (gained 22 charges)
g - a fuming ruby potion A lemure comes into view.
The lemure shouts!
You hear an angry hiss.
Unknown command.
You see here a scroll of noise {!r}.
Okay, then.
Aiming: Throw Flame
Press: ? - help, Shift-Dir - straight line, f - lemure
Aim: a lemure (60% to hit)
The puff of flame hits the lemure.
Unknown command.
You don't know any spells.
Unknown command.
Aiming: Throw Flame
Press: ? - help, Shift-Dir - straight line, f/p - lemure
Aim: a lemure (lightly wounded, 60% to hit)
The puff of flame hits the lemure.
Unknown command.
Aiming: Throw Flame
Press: ? - help, Shift-Dir - straight line, f/p - lemure
Aim: a lemure (moderately wounded, 60% to hit)
The puff of flame hits the lemure!
Unknown command.
Aiming: Throw Flame
Press: ? - help, Shift-Dir - straight line, f/p - lemure
Aim: a lemure (heavily wounded, 60% to hit)
The puff of flame hits the lemure!
Unknown command.
You closely miss the lemure. The lemure hits you! 😕 HP[-8]
You take 8 damage, and now have 38/46 hp.
You claw the lemure!
You kill the lemure!
That felt strangely unrewarding.
Unknown command.
You start resting.
Pikel, Merchant of Souls comes into view.
He is wielding a +2 whip of electrocution and wearing a +2 robe of fire resistance. 😕 HP[+5]
You regained 5 hp, and now have 43/46 hp. 😕 HP[+1]
You start resting.
Pikel is nearby! 😕 HP[+1] Unknown command.
A lemure comes into view.
The lemure shouts!
You hear a shout! x2
A lemure comes into view.
A lemure comes into view.
Unknown command.
Pikel hits you with a +2 whip of electrocution. 😕 HP[-2]
You take 2 damage, and now have 43/46 hp.
You closely miss Pikel.
Pikel hits you with a +2 whip of electrocution. 😕 HP[-3]
You take 3 damage, and now have 40/46 hp.
You miss Pikel.
Pikel hits you with a +2 whip of electrocution.
The lemure hits you. 😮 HP[-6]
You take 6 damage, and now have 34/46 hp.
You closely miss Pikel.
Pikel hits you with a +2 whip of electrocution!
The lemure barely misses you. The lemure hits you.
* * * LOW HITPOINT WARNING * * *
😨 HP[-11]
You take 11 damage, and now have 23/46 hp.
MASSIVE DAMAGE!! (PAUSE)
You scratch Pikel. Pikel hits you but does no damage.
The lemure barely misses you. The lemure hits you.
* * * LOW HITPOINT WARNING * * *
😨 HP[-4]
You take 4 damage, and now have 19/46 hp.
Unknown command.
You scratch Pikel but do no damage. Your claw misses Pikel.
Pikel hits you with a +2 whip of electrocution.
* * * LOW HITPOINT WARNING * * *
The lemure barely misses you. The lemure closely misses you.
The lemure hits you!
* * * LOW HITPOINT WARNING * * *
😱 HP[-8]
You take 8 damage, and now have 11/46 hp.
Unknown command.
You scratch Pikel but do no damage. The lemure hits you but does no damage.
Pikel hits you but does no damage. The lemure hits you.
* * * LOW HITPOINT WARNING * * *
The lemure hits you but does no damage. 😱 HP[-6]
You take 6 damage, and now have 5/46 hp.
Unknown command.
You closely miss Pikel.
Pikel hits you with a +2 whip of electrocution!
You die...
Pikel says, "See you in Hell!"

Skill      XL: |  1  2  3  4  5 |
---------------+----------------+-----
Dodging        | 3 |  3.9
Fighting       | 3 4 |  4.1
Unarmed Combat | 4 |  4.8
Throwing       | |  1.7

Action                     |  1- 3 |  4- 6 || total
---------------------------+-------+-------++-------
  Melee: Unarmed           |   108 |    81 ||   189
         Punch             |     2 |     1 ||     3
 Invoke: Convert to Beogh  |       |     1 ||     1
  Evoke: Wand              |       |     4 ||     4
    Use: Scroll            |       |     8 ||     8
 Armour: Leather armour    |    29 |       ||    29
         Scale mail        |    22 |    64 ||    86
  Dodge: Dodged            |    56 |    33 ||    89

Levels and vault maps discovered:
D:1:      arrival_zaba_pyramid, layout_loops_corners
D:2:      layout_rooms, minmay_misc_feat_pillars, minmay_tree_intersection
D:3:      layout_loops_corners, uniq_sigmund
D:4:      layout_layer_cave, st_stairs_9, nicolae_figureground_sparkle,
          uniq_pikel

Notes
Turn   | Place    | Note
-------+----------+-------------------------------------------
     0 | D:1      | Zonian the Ghoul Gladiator began the quest for the Orb.
     0 | D:1      | Reached XP level 1. HP: 17/17 MP: 1/1
     0 | D:1      | magus.rc [v1.9.6]
   716 | D:1      | Reached XP level 2. HP: 25/25 MP: 2/2
   926 | D:1      | Reached skill level 3 in Dodging
  1202 | D:2      | Reached XP level 3. HP: 30/30 MP: 3/3
  1448 | D:2      | Reached skill level 3 in Fighting
  1503 | D:2      | You pick up a book of Spectacle and begin reading...
  1503 | D:2      | You add the spells Volatile Blastmotes, Dazzling Flash,
                  | Starburst and Maxwell's Capacitive Coupling to your
                  | library.
  1972 | D:3      | Reached skill level 4 in Unarmed Combat
  2079 | D:3      | Reached XP level 4. HP: 33/38 MP: 4/4
  2121 | D:3      | Noticed Sigmund
  2375 | D:3      | Reached XP level 5. HP: 32/46 MP: 5/5
  2382 | D:3      | HP: 6/46 [orc priest/divine providence (12)]
  2385 | D:3      | HP: 2/46 [orc priest/+0 club (4)]
  2387 | D:3      | Became a worshipper of Beogh the Shepherd
  2615 | D:3      | Identified the staff "Awuiv" {+Blink rElec rF+ rN++ Str-3
                  | Fire}
  2924 | D:4      | Reached skill level 4 in Fighting
  3348 | D:4      | Noticed a lemure
  3364 | D:4      | Killed a lemure
  3384 | D:4      | Noticed Pikel
  3393 | D:4      | Noticed a lemure
  3393 | D:4      | Noticed a lemure
  3394 | D:4      | Noticed a lemure
  3400 | D:4      | HP: 11/46 [lemure[Pikel] (7)]
  3401 | D:4      | HP: 5/46 [lemure[Pikel] (6)]
  3402 | D:4      | Slain by Pikel

Vanquished Creatures
  A lemure (D:4)
  A hound (D:3)
  An orc priest (D:3)
  A sleepcap (D:4)
  An iguana (D:4)
  3 adders
  An ufetubus (D:4)
  3 orcs (D:3)
  5 bats
  5 endoplasms
  6 goblins
  7 hobgoblins
  3 jackals (D:1)
  6 kobolds
  2 quokkas
  6 ball pythons
  6 frilled lizards
  4 rats
62 creatures vanquished.

Table legend:
 A = Non-vault XP
 B = Vault XP
 C = Vault XP percentage of total XP
 D = Non-vault monster count
 E = Vault monster count
 F = Vault count percentage of total count
                 A         B        C        D         E       F
            +---------+---------+-------+---------+---------+-------
      Total |     208 |      85 |  29.0 |      58 |       3 |   4.9
            +---------+---------+-------+---------+---------+-------
        D:1 |      26 |       0 |   0.0 |      18 |       0 |   0.0
        D:2 |      31 |       0 |   0.0 |      12 |       0 |   0.0
        D:3 |     123 |       0 |   0.0 |      18 |       0 |   0.0
        D:4 |      28 |      85 |  75.2 |      10 |       3 |  23.1
            +---------+---------+-------+---------+---------+-------

Skill      XL: |  1  2  3  4  5 |
---------------+----------------+-----
Dodging        | 3 |  3.9
Fighting       | 3 4 |  4.1
Unarmed Combat | 4 |  4.8
Throwing       | |  1.7

Action                     |  1- 3 |  4- 6 || total
---------------------------+-------+-------++-------
  Melee: Unarmed           |   108 |    81 ||   189
         Punch             |     2 |     1 ||     3
 Invoke: Convert to Beogh  |       |     1 ||     1
  Evoke: Wand              |       |     4 ||     4
    Use: Scroll            |       |     8 ||     8
 Armour: Leather armour    |    29 |       ||    29
         Scale mail        |    22 |    64 ||    86
  Dodge: Dodged            |    56 |    33 ||    89

Illustrated notes

Table legend:
 A = Kills in this place as a percentage of kills in the entire game.
 B = Kills by you in this place as a percentage of kills by you in the entire game.
 C = Kills by friends in this place as a percentage of kills by friends in the entire game.
 D = Other kills in this place as a percentage of other kills in the entire game.
 E = Experience gained in this place as a percentage of experience gained in the entire game.
 F = Experience gained in this place divided by the number of levels of this place that you have seen.
                   A       B       C       D       E      F
               +-------+-------+-------+-------+-------+----------------------
         Total | 100.0 | 100.0 |   N/A |   N/A | 100.0 |  73.2
       Dungeon | 100.0 | 100.0 |   N/A |   N/A | 100.0 |  73.2
               +-------+-------+-------+-------+-------+----------------------

Table legend: (Time is in decaauts)
 A = Elapsed time spent in this place.
 B = Non-inter-level travel time spent in this place.
 C = Inter-level travel time spent in this place.
 D = Time resting spent in this place.
 E = Time spent auto-exploring this place.
 F = Levels seen in this place.
 G = Mean time per level.
                   A        B        C        D        E       F      G
               +--------+--------+--------+--------+--------+-----+--------+
         Total |   3386 |   3225 |    161 |    580 |   2165 |   4 |  846.5 |
       Dungeon |   3386 |   3225 |    161 |    580 |   2165 |   4 |  846.5 |
               +--------+--------+--------+--------+--------+-----+--------+

Top non-repeatable levels by time:
     D:3: 1168 daAuts
     D:1: 1114 daAuts
     D:4: 565 daAuts
     D:2: 538 daAuts
